 Dungeon Crawl Stone Soup version 0.30.0-20-g3b4254fcbd (webtiles) character file.

Game seed: 3060769778627806662

416 Graphine the Ducker (level 6, -4/75 HPs)
             Began as a Merfolk Gladiator on June 2, 2023.
             Was a Believer of Trog.
             Slain by Blork the orc
             ... wielding a +4 scimitar
              (14 damage)
             ... on level 4 of the Dungeon.
             The game lasted 00:06:23 (2587 turns).

Graphine the Ducker (Merfolk Gladiator)             Turns: 2587, Time: 00:06:24

Health: -4/75      AC:  5    Str: 14    XL:     6   Next: 92%
Magic:  6/6        EV: 15    Int:  8    God:    Trog [**....]
Gold:   199        SH:  0    Dex: 17    Spells: 5/5 levels left

rFire   . . .        k - +1 long sword (flame)
rCold   . . .        (no shield)
rNeg    . . .        b - +0 leather armour
rPois   +            c - +0 helmet
rElec   .            (no cloak)
rCorr   .            (no gloves)
SInv    .            j - +0 pair of boots
Will    .....        (no amulet) Stlth
                     g - ring of poison resistance
HPRegen 0.32/turn    (no ring)
MPRegen 0.10/turn

%: no passive effects
@: berserking, very quick
A: (nimble swimmer 2), mertail
a: Renounce Religion, Berserk, Trog's Hand


You were on level 4 of the Dungeon.
You worshipped Trog.
Trog was pleased with you.
You visited 1 branch of the dungeon, and saw 4 of its levels.

You collected 199 gold pieces.

Inventory:

Hand Weapons
 a - a +0 long sword
 f - a +0 arbalest
 k - a +1 long sword of flaming (weapon)
Missiles
 d - 3 throwing nets (quivered)
 e - a javelin
Armour
 b - a +0 leather armour (worn)
 c - a +0 helmet (worn)
 j - a +0 pair of boots (worn)
Jewellery
 g - a ring of poison resistance (left hand)
 i - a ring of magical power
Wands
 v - a wand of flame (11)
Scrolls
 m - 2 scrolls of blinking
 r - a scroll of magic mapping {unknown}
 s - 2 scrolls of identify
 t - a scroll of teleportation {unknown}
 u - a scroll of butterflies {unknown}
Potions
 h - 3 potions of curing {unknown}
 l - 3 potions of degeneration
 n - a potion of heal wounds {unknown}
 o - a potion of cancellation {unknown}
 p - a potion of attraction {unknown}
 q - a potion of ambrosia {unknown}


   Skills:
 * Level 4.8 Fighting
 * Level 5.9 Long Blades
 - Level 2.0 Throwing
 * Level 6.6 Dodging


You had 5 spell levels left.
You didn't know any spells.
Your spell library contained the following spells:

 Spells                   Type           Power      Damage    Failure   Level
 Freeze                   Ice            0%         1d3       50%         1
 Ensorcelled Hibernation  Hex/Ice        0%         N/A       63%         2
 Passwall                 Tmut/Erth      0%         N/A       63%         2
 Frozen Ramparts          Ice            0%         1d1       86%         3
 Hailstorm                Conj/Ice       0%         3d3       86%         3
 Swiftness                Air            0%         N/A       86%         3


Dungeon Overview and Level Annotations

Branches:
Dungeon (4/15)
 Temple: D:4-7

Altars:
Trog

Annotations:
D:4 Blork the orc


Innate Abilities, Weirdness & Mutations

((You are very nimble when in or above water. (Stealth+, EV+, Speed+++)))
Your lower body shifts to a powerful aquatic tail in water.


Message History

You closely miss Blork the orc.
Blork the orc is severely wounded.
Blork the orc barely misses you.
Blork the orc hits you with a +4 scimitar!
You hit Blork the orc but do no damage.
Blork the orc is severely wounded.
Blork the orc completely misses you.
You closely miss Blork the orc.
Blork the orc is severely wounded.
Blork the orc screams, "I'll drink your blood!
Soon!"
Blork the orc looks satisfied for a moment.
You hit Blork the orc.
Blork the orc is severely wounded.
Blork the orc misses you.
You barely miss Blork the orc.
Blork the orc is severely wounded.
Blork the orc barely misses you.
You hit Blork the orc but do no damage.
Blork the orc is severely wounded.
Blork the orc closely misses you.
You closely miss Blork the orc.
Blork the orc is severely wounded.
Blork the orc hits you with a +4 scimitar!
You closely miss Blork the orc.
Blork the orc is severely wounded.
Blork the orc misses you.
You hit Blork the orc.
Blork the orc is severely wounded.
Blork the orc hits you with a +4 scimitar.
You closely miss Blork the orc.
Blork the orc is severely wounded.
Blork the orc points at you and mumbles some strange words.
The puff of flame hits you!
Blork the orc hits you with a +4 scimitar!
* * * LOW HITPOINT WARNING * * *
Okay, then.
A red film seems to cover your vision as you go berserk!
You feel yourself moving faster!
You feel mighty!
Blork the orc hits you with a +4 scimitar!
You die...

.. ##..................#
##...................###
......................#.
........................
........................
........................
#.!..o.................
#@(...............
##.......>.....###
##..........###
##...>....##
##.......###
#.........###
#...........#
#........####
##......###


You could see Blork the orc.

Vanquished Creatures
  Sigmund (D:4)
  A scorpion (D:4)
  2 iguanas (D:4)
  7 adders
  A worm (D:2)
  4 dart slugs
  5 orcs (D:3)
  4 bats
  8 endoplasms
  A giant cockroach (D:4)
  11 goblins
  6 hobgoblins
  3 jackals (D:1)
  5 quokkas
  5 ball pythons
  4 frilled lizards
  4 kobolds
  10 rats
82 creatures vanquished.

Notes
Turn   | Place    | Note
-------+----------+-------------------------------------------
     0 | D:1      | Graphine the Merfolk Gladiator began the quest for the Orb.
     0 | D:1      | Reached XP level 1. HP: 16/16 MP: 1/1
    67 | D:1      | Reached XP level 2. HP: 21/23 MP: 2/2
   282 | D:1      | Reached XP level 3. HP: 12/28 MP: 3/3
   331 | D:1      | Found a faded altar of an unknown god.
   349 | D:1      | Prayed at the altar of an unknown god.
   349 | D:1      | Became a worshipper of Trog the Wrathful
   349 | D:1      | Reached * piety under Trog
   732 | D:2      | Reached skill level 5 in Dodging
   732 | D:2      | Reached XP level 4. HP: 30/35 MP: 4/4
  1568 | D:3      | Reached ** piety under Trog
  1624 | D:3      | Reached XP level 5. HP: 41/41 MP: 5/5
  2059 | D:4      | Noticed Sigmund
  2068 | D:4      | Killed Sigmund
  2069 | D:4      | Reached skill level 5 in Long Blades
  2069 | D:4      | Reached skill level 6 in Dodging
  2069 | D:4      | Reached XP level 6. HP: 43/49 MP: 6/6
  2570 | D:4      | Noticed Blork the orc
  2587 | D:4      | Slain by Blork the orc

Illustrated notes

Levels and vault maps discovered:
D:1:      dpeg_arrival_ratfight, layout_basic,
          shapermc_ecumenical_altar_pompeii, chequers_jeans
D:2:      minmay_evil_eye, layout_loops_ring
D:3:      layout_rooms, amcnicky_mini_corridor_feature, minmay_liquid_box,
          st_stairs_9
D:4:      layout_layer_cave, kennysheep_generic_room_5, uniq_blork_the_orc,
          uniq_sigmund

Skill      XL: |  1  2  3  4  5 |
---------------+----------------+-----
Long Blades    | 4 5 |  5.9
Fighting       | 3 4 |  4.8
Dodging        | 5 6 |  6.6
Throwing       | |  2.0

Action                     |  1- 3 |  4- 6 || total
---------------------------+-------+-------++-------
  Melee: Long sword        |   100 |    94 ||   194
   Fire: Arbalest          |       |    52 ||    52
 Invoke: Berserk           |     1 |     1 ||     2
    Use: Scroll            |     4 |     1 ||     5
   Stab: Sleeping          |     1 |       ||     1
 Armour: Leather armour    |    35 |    28 ||    63
  Dodge: Dodged            |   117 |    86 ||   203
